 Dungeon Crawl Stone Soup version 0.28.0 (webtiles) character file.

Game seed: 14979694446787957706

116 Akaron the Sneak (level 5, -4/34 HPs)
             Began as an Octopode Brigand on Feb 13, 2022.
             Slain by a gnoll (6 damage)
             ... on level 2 of the Dungeon.
             The game lasted 00:03:56 (2298 turns).

Akaron the Sneak (Octopode Brigand)                 Turns: 2298, Time: 00:03:56

Health: -4/34      AC:  1    Str: 10    XL:     5   Next: 1%
Magic:  5/5        EV: 13    Int: 14    God:
Gold:   84         SH:  0    Dex: 15    Spells: 4/4 levels left

rFire   . . .      SeeInvis .   a - +2 dagger
rCold   . . .      Faith    .   (no shield)
rNeg    . . .      Spirit   .   (helmet restricted)
rPois   .          Reflect  .   (no amulet)
rElec   .          Harm     .   (no ring)
rCorr   .          Rampage  .   (no ring)
Will    .....                   (no ring)
Stlth   +++++.....              (no ring)
HPRegen 0.11/turn               (no ring)
MPRegen 0.09/turn               (no ring)
                                (no ring)
                                (no ring)

@: no status effects
A: almost no armour, amphibious, 8 rings, camouflage 1, gelatinous body 1,
(nimble swimmer 1), tentacles
a: no special abilities


You were on level 2 of the Dungeon.
You visited 1 branch of the dungeon, and saw 2 of its levels.

You collected 84 gold pieces.

Inventory:

Hand Weapons
 a - a +2 dagger (weapon)
Missiles
 b - 12 poisoned darts (quivered)
 c - 2 curare-tipped darts
Scrolls
 d - a scroll of fog {unknown}
 h - a scroll of identify {unknown}
Potions
 e - a potion of heal wounds {unknown}
 f - 2 potions of flight {unknown}
 g - a potion of lignification {unknown}
 i - a potion of curing {unknown}
 j - a potion of ambrosia {unknown}


   Skills:
 + Level 2.1 Fighting
 + Level 2.6 Short Blades
 + Level 2.1 Throwing
 + Level 1.4 Dodging
 + Level 7.6 Stealth


You had 4 spell levels left.
You didn't know any spells.
Your spell library was empty.

Dungeon Overview and Level Annotations

Branches:
Dungeon (2/15)

Altars:

Annotations:
D:2 Natasha


Innate Abilities, Weirdness & Mutations

You cannot wear most types of armour.
You are amphibious.
You can wear up to eight rings at the same time.
Your skin changes colour to match your surroundings (Stealth+).
Your rubbery body absorbs attacks. (AC +1, EV +1)
((You are camouflaged when in or above water. (Stealth+)))
You have tentacles for arms and can constrict up to eight enemies at once.


Message History

You release your grip on Terence.
Throw: 11 darts (poison)
Press: ? - help, Q - select action, (/) - cycle Shift-Dir - straight line, f/p - Terence
Aim: Terence, wielding a +0 mace and wearing a +0 scale mail (severely wounded, poisoned, 64% to hit)
You throw a poisoned dart. The poisoned dart hits Terence.
Terence looks even sicker.
Terence is severely wounded.
You kill Terence!
Things that are here:
a +0 mace; a +0 scale mail; the human skeleton of Terence
b - 11 poisoned darts (gained 1)
The great orb of eyes turns its gaze towards you.
b - 12 poisoned darts (gained 1)
Found a chain mail.
Found a helmet.
You see here a +0 helmet.
The great orb of eyes turns its gaze towards you.
You see here a +0 chain mail.
The gnoll shouts! x3
The gnoll closely misses you. The gnoll closely misses you.
The gnoll shouts!
You hit the gnoll. You grab the gnoll.
The gnoll is lightly wounded.
You constrict the gnoll. The gnoll hits you with a +0 flail!
The gnoll barely misses you.
You hit the gnoll. You squeeze the gnoll!
You kill the gnoll!
The gnoll closely misses you.
You have reached level 5!
You feel clever.
You hit the gnoll but do no damage. Your grab misses the gnoll.
You hit the gnoll. Your grab misses the gnoll.
The gnoll is lightly wounded.
The gnoll hits you with a +0 flail! The gnoll completely misses you.
The gnoll hits you with a +0 flail!
* * * LOW HITPOINT WARNING * * *
The gnoll barely misses you. The gnoll hits you with a +0 whip.
You die...

##.........!.#.###...###.#
##..........#.#G#...#G#[#
##.#.......#.###...###.#
#.#.......#...........#
#.#.....).##.#..#.##..#
####.#.......##...###.#.##
#....#......g# #....##..#
####.####.....gg#
#.#.#.###
#.......#......@#####...##
#.##.##.#............#.##
##.##.##.#.......####.#.#
....†............# #.#.#
##.##.##.#........ .....
........ #........ ..#.#
##.##.####.......###.....
...# .# ###...### #.##.##
.... #...# #.##.#


You could see 3 gnolls.

Vanquished Creatures
  Terence (D:2)
  A gnoll (D:2)
  4 adders (D:2)
  A worm (D:2)
  2 dart slugs (D:2)
  3 bats (D:2)
  3 endoplasms
  2 giant cockroaches (D:1)
  3 goblins
  6 hobgoblins
  A quokka (D:1)
  4 ball pythons
  A frilled lizard (D:1)
  4 kobolds
  6 rats
42 creatures vanquished.

Notes
Turn   | Place    | Note
-------+----------+-------------------------------------------
     0 | D:1      | Akaron the Octopode Brigand began the quest for the Orb.
     0 | D:1      | Reached XP level 1. HP: 14/14 MP: 1/1
   282 | D:1      | Reached XP level 2. HP: 19/19 MP: 2/2
   288 | D:1      | Reached skill level 6 in Stealth
   897 | D:1      | Reached XP level 3. HP: 24/24 MP: 3/3
  1445 | D:2      | Noticed Natasha
  1642 | D:2      | Reached skill level 7 in Stealth
  1642 | D:2      | Reached XP level 4. HP: 13/29 MP: 4/4
  1984 | D:2      | Noticed a great orb of eyes
  1988 | D:2      | Found a faded altar of an unknown god.
  1988 | D:2      | Noticed Terence
  1989 | D:2      | Noticed a great orb of eyes
  1989 | D:2      | Noticed a great orb of eyes
  1989 | D:2      | Noticed a great orb of eyes
  2010 | D:2      | Killed Terence
  2294 | D:2      | Reached XP level 5. HP: 23/34 MP: 5/5
  2298 | D:2      | Slain by a gnoll

Illustrated notes

Levels and vault maps discovered:
D:1:      sevenhm_arrival_forest_fort_small_3, layout_basic
D:2:      layout_loops_cross, hellmonk_ecumenical_altar_watching_god,
          minmay_tall_x, uniq_terence, uniq_natasha

Skill      XL: |  1  2  3 |
---------------+----------+-----
Stealth        | 6 7 |  7.6
Fighting       | |  2.1
Short Blades   | |  2.6
Throwing       | |  2.1
Dodging        | |  1.4

Action                   |  1- 3 |  4- 6 || total
-------------------------+-------+-------++-------
Melee: Dagger            |    68 |    22 ||    90
       Tentacles         |     9 |     4 ||    13
       Constrict         |    16 |     5 ||    21
       Punch             |     1 |     1 ||     2
Throw: Dart              |       |     2 ||     2
 Stab: Sleeping          |     8 |     1 ||     9
       Distracted        |     2 |       ||     2
Armor: Skin              |     6 |     2 ||     8
Dodge: Dodged            |    29 |    14 ||    43
